 Dungeon Crawl Stone Soup version 0.29-a0-887-gcbe080d7e0 (webtiles) character file.

Game seed: 10077542105252426043

4 nicolae the Insei (level 1, 3/14 HPs)
             Began as a Vampire Transmuter on July 22, 2022.
             Quit the game on level 1 of the Dungeon.
             The game lasted 00:00:54 (27 turns).

nicolae the Insei (Vampire Transmuter)                Turns: 27, Time: 00:00:54

Health: 3/14       AC:  2    Str:  9    XL:     1   Next: 58%
Magic:  3/3        EV: 12    Int: 15    God:
Gold:   0          SH:  0    Dex: 14    Spells: 3/4 levels left

rFire   . . .      SeeInvis +     - Unarmed
rCold   . . .      Faith    .   (no shield)
rNeg    . . .      Spirit   .   a - +0 robe
rPois   .          Reflect  .   (no helmet)
rElec   .          Harm     .   (no cloak)
rCorr   .          Rampage  .   (no gloves)
Will    .....                   (no boots)
Stlth   +.........              (no amulet)
HPRegen 0.24/turn               (no ring)
MPRegen 0.08/turn               (no ring)

@: healing quickly
A: alive, fangs 3, see invisible, vampiric 1
a: Exsanguinate


You were on level 1 of the Dungeon.
You visited 1 branch of the dungeon, and saw 1 of its levels.

Inventory:

Armour
 a - a +0 robe (worn)
Potions
 b - a potion of lignification


   Skills:
 - Level 0.8 Fighting
 - Level 2.1 Dodging
 - Level 3.2 Unarmed Combat
 - Level 2.0 Spellcasting
 + Level 2.7 Transmutations


You had 3 spell levels left.
You knew the following spells:

 Your Spells              Type           Power      Damage    Failure   Level
a - Beastly Appendage     Tmut           18%        N/A       7%          1

Your spell library contained the following spells:

 Spells                   Type           Power      Damage    Failure   Level
 Wereblood                Tmut           9%         N/A       11%         2
 Spider Form              Tmut/Pois      5%         N/A       36%         3
 Ice Form                 Ice/Tmut       5%         N/A       77%         4


Dungeon Overview and Level Annotations

Branches:
Dungeon (1/15)

Altars:


Innate Abilities, Weirdness & Mutations

Your natural rate of healing is accelerated.
You have razor-sharp teeth.
You have supernaturally acute eyesight. (SInv)
You are afflicted with vampirism.


Message History

The goblin hits you with a +0 club.
You barely miss the goblin.
The goblin is severely wounded.
The goblin closely misses you.
A dart slug comes into view.
You hit the goblin.
You kill the goblin!
The dart slug bites you.
You see here a +0 club.
A kobold comes into view. It is wielding a +0 dagger.
The dart slug bites you.
Your magical contamination has completely faded away.
You completely miss the dart slug. You hit the dart slug.
You bite the dart slug.
The dart slug is heavily wounded.
The kobold throws a stone.
The stone hits you. The dart slug barely misses you.
You hit the dart slug.
The dart slug is almost dead.
You hit the dart slug but do no damage. You punch the dart slug.
The dart slug is almost dead.
The kobold hits you with a +0 dagger. The dart slug bites you.
You hit the dart slug.
You kill the dart slug!
The kobold completely misses you. The kobold hits you with a +0 dagger.
You hit the kobold.
The kobold is severely wounded.
The kobold misses you.
You hit the kobold but do no damage.
The kobold is severely wounded.
The kobold hits you with a +0 dagger.
You hit the kobold but do no damage. Your bite misses the kobold.
The kobold is severely wounded.
The kobold hits you with a +0 dagger.
* * * LOW HITPOINT WARNING * * *
You hit the kobold.
You kill the kobold!
Things that are here:
a +0 dagger; 2 stones; a +0 club Are you sure you want to abandon this character and quit the game? (Confirm with "yes".)

#### #... # #..# .#
#.#.###..###
##.##.....?..
#...@........
#########'#######....
≈≈≈≈≈≈≈.P..♣♣♣♣ ...
≈≈≈≈PP≈≈.....P♣♣ .
..≈≈PPP≈≈≈.P...♣#
...≈≈≈PPP≈≈.....#
.....≈≈≈≈≈≈≈....+
♣.....<..≈≈≈≈≈≈#
######+#########


There were no monsters in sight!

Vanquished Creatures
  A dart slug (D:1)
  A kobold (D:1)
  A goblin (D:1)
3 creatures vanquished.

Notes
Turn   | Place    | Note
-------+----------+-------------------------------------------
     0 | D:1      | nicolae the Vampire Transmuter began the quest for the Orb.
     0 | D:1      | Reached XP level 1. HP: 14/14 MP: 3/3
    27 | D:1      | Quit the game

Illustrated notes

Levels and vault maps discovered:
D:1:      tarquinn_simple_flora_water_c, layout_loops_corners

Action                   || total
-------------------------++-------
Melee: Unarmed           ||    13
       Bite              ||     2
       Punch             ||     1
Dodge: Dodged            ||     6

Table legend: (Time is in decaauts)
 A = Elapsed time spent in this place.
 B = Non-inter-level travel time spent in this place.
 C = Inter-level travel time spent in this place.
 D = Time resting spent in this place.
 E = Time spent auto-exploring this place.
 F = Levels seen in this place.
 G = Mean time per level.
                   A        B        C        D        E       F      G
               +--------+--------+--------+--------+--------+-----+--------+
         Total |     27 |     27 |      0 |      0 |      0 |   1 |   27.0 |
       Dungeon |     27 |     27 |      0 |      0 |      0 |   1 |   27.0 |
               +--------+--------+--------+--------+--------+-----+--------+

Top non-repeatable levels by time:
     D:1: 27 daAuts
